 Dungeon Crawl Stone Soup version 0.18-a0-1782-gb76a692 (webtiles) character file.

15005 namelastname112 the Envoy of Void (level 11, -5/95 HPs)
             Began as a Grey Draconian Abyssal Knight on Apr 17, 2016.
             Was a High Priest of Lugonu.
             Hit by a stone thrown by a minotaur (31 damage)
             ... in a labyrinth.
             The game lasted 00:27:41 (16420 turns).

namelastname112 the Envoy of Void (DrAK)           Turns: 16420, Time: 00:27:41

Health: -5/95      AC: 15    Str: 13    XL:     11   Next: 96%
Magic:  19/19      EV: 16    Int: 12    God:    Lugonu [*****.]
Gold:   815        SH:  0    Dex: 14    Spells: 1 memorised, 7 levels left

rFire  . . .     SeeInvis .     C - +4 dagger (venom)
rCold  . . .     Gourm    .     (armour unavailable)
rNeg   + + .     Faith    .     (no shield)
rPois  .         Spirit   .     (helmet restricted)
rElec  .         Dismiss  .     d - +1 cloak
rCorr  .         Reflect  .     r - +0 pair of gloves
SustAt .         Harm     .     (no boots)
MR     +....     Rnd*Rage +     (no amulet)
Stlth  +++.......               a - ring of positive energy
                                w - ring of positive energy

@: very slightly contaminated, hasted, very quick, somewhat resistant to hostile
enchantments, fairly stealthy
A: walk through water, unfitting armour, beak, stinger 1, berserk 1, blurry
vision 1, magic resistance 1, sense surroundings 1, slow regeneration 1, weak 1,
wild magic 1, unbreathing, evolution 1, cold-blooded, AC +12
a: Depart the Abyss, Bend Space, Banish, Corrupt, Enter the Abyss, Renounce
Religion


You were in a labyrinth.
You worshipped Lugonu.
Lugonu was extremely pleased with you.
You were not hungry.

You visited 1 branch of the dungeon, and saw 13 of its levels.
You visited the Abyss 1 time.
You also visited: Labyrinth, Sewer, Ossuary and Bailey.

You collected 895 gold pieces.
You spent 80 gold pieces at shops.

Inventory:

Hand Weapons
 x - a +2 short sword of speed
 C - a +4 dagger of venom (weapon)
Missiles
 E - a throwing net (quivered)
Armour
 d - a +1 cloak (worn)
 r - a +0 pair of gloves (worn)
Jewellery
 a - a ring of positive energy (right hand)
 w - a ring of positive energy (left hand)
Wands
 f - a wand of polymorph (9/24)
 v - a wand of lightning (2/15)
 K - a wand of enslavement (9/24)
 R - a wand of confusion (19/48)
 T - a wand of digging (18/24)
 W - a wand of disintegration (9/24)
 X - a wand of disintegration (5/24)
Scrolls
 l - 2 scrolls of fog
 n - 2 scrolls of teleportation
 p - 6 scrolls of remove curse
 y - a scroll of recharging
 G - 2 scrolls of fear
 U - a scroll of blinking
 V - 6 scrolls of identify
Potions
 c - 2 potions of beneficial mutation
 e - 2 potions of haste
 g - 2 potions of resistance
 i - 4 potions of cure mutation
 j - 5 potions of brilliance
 k - 7 potions of curing
 m - 4 potions of might
 q - 4 potions of flight
 s - 5 potions of heal wounds
 t - 3 potions of lignification
 u - 5 potions of agility
 z - a potion of magic
 B - a potion of ambrosia
 D - a potion of cancellation
 H - a potion of invisibility
 P - 2 potions of berserk rage
Books
 J - a book of Callings

   Spells                             Type                      Level
   a - Summon Small Mammal            Summoning                    1
   b - Call Imp                       Summoning                    2
   c - Call Canine Familiar           Summoning                    3
   d - Summon Guardian Golem          Hexes/Summoning              3
   e - Summon Lightning Spire         Summoning/Air                4
   f - Summon Ice Beast               Ice/Summoning                4
 L - a book of Changes

   Spells                             Type                      Level
   a - Beastly Appendage              Transmutation                1
   b - Sticks to Snakes               Transmutation                2
   c - Spider Form                    Transmutation/Poison         3
   d - Ice Form                       Ice/Transmutation            4
   e - Blade Hands                    Transmutation                5
 M - a Young Poisoner's Handbook

   Spells                             Type                      Level
   a - Sting                          Conjuration/Poison           1
   b - Cure Poison                    Poison                       2
   c - Mephitic Cloud                 Conjuration/Poison/Air       3
   d - Olgreb's Toxic Radiance        Poison                       4
   e - Venom Bolt                     Conjuration/Poison           5
 N - a book of Death

   Spells                             Type                      Level
   a - Corpse Rot                     Necromancy                   2
   b - Sublimation of Blood           Necromancy                   2
   c - Agony                          Necromancy                   5
   d - Dispel Undead                  Necromancy                   5
   e - Excruciating Wounds            Charms/Necromancy            5
   f - Bolt of Draining               Conjuration/Necromancy       5
 O - Kikubaaqudgha's Catalogue of Black Magic
   (You found it on level 9 of the Dungeon)

   Spells                             Type                      Level
   a - Pain                           Necromancy                   1
 S - a book of Necromancy

   Spells                             Type                      Level
   a - Pain                           Necromancy                   1
   b - Animate Skeleton               Necromancy                   1
   c - Vampiric Draining              Necromancy                   3
   d - Regeneration                   Charms/Necromancy            3
   e - Animate Dead                   Necromancy                   4
   f - Control Undead                 Necromancy                   4
Miscellaneous
 h - a box of beasts
Comestibles
 b - 8 bread rations
 A - 6 beef jerkies
 F - a meat ration
 I - 13 fruits
 Q - 9 royal jellies


   Skills:
 + Level 8.8 Fighting
 * Level 10.6 Short Blades
 + Level 7.1 Dodging
 + Level 6.9 Stealth
 * Level 11.8 Invocations


You had 7 spell levels left.
You knew the following spells:

 Your Spells              Type           Power        Failure   Level  Hunger
d - Regeneration          Chrm/Necr      #.........   92%         3    ####...


Dungeon Overview and Level Annotations

Branches:
Dungeon (13/15)            Temple (0/1) D:5            Lair (0/8) D:9
    Orc (0/2) D:11
 Vaults: D:13-14

Altars:
Ashenzari
Dithmenos
Elyvilon
Fedhas
Gozag
Kikubaaqudgha
Nemelex Xobeh
Sif Muna
Vehumet
Yredelemnul
Zin
The Shining One

Shops:
D:4 }   D:8 %   D:10 !   D:11 [


Innate Abilities, Weirdness & Mutations

You can walk through water.
Your dull iron-grey scales are very hard (AC +12).
Your body does not fit into most forms of armour.
You can survive without breathing.
You are cold-blooded and may be slowed by cold attacks.
You have a beak for a mouth.
Your tail ends in a poisonous barb.
You tend to lose your temper in combat.
Scrolls take you a little longer to read.
You are resistant to hostile enchantments.
You passively map a small area around you.
You regenerate slowly when monsters are visible.
You are weak. (Str -2)
Your spells are a little harder to cast, but a little more powerful.
You evolve.


Message History

The redback is lightly wounded.
You hit the redback.
The redback is lightly wounded.
The redback barely misses you.
You hit the redback.
The redback is lightly wounded.
The minotaur is no longer berserk.
You hit the redback.
The redback is poisoned.
The redback is moderately wounded.
The redback completely misses you.
You hit the redback.
The redback looks even sicker.
Your tail-slap misses the redback.
The redback is heavily wounded.
You hit the redback.
The redback is severely wounded.
The redback closely misses you.
You kill the redback!
Lugonu accepts your kill.
The minotaur throws a stone.
The stone hits you!!
You die...

# ....#≈ ..'.# #.
#.##..# .#.#.# # #
... . #.# ≈≈ .
..... # #.
.###.#########.####
. #.. .H..# . . .
#...#.#.# #. #
#...#.# . . #)#
#.##### #.# ##
#.@...# ###.### ##
.# ##


You could see a minotaur.

Vanquished Creatures
  A hydra (D:12)
  An unseen horror (D:11)
  2 hill giants
  Pikel (D:6)
  A cyclops (D:11)
  3 trolls
  A two-headed ogre (D:12)
  A slime creature (D:12)
  Sigmund (D:2)
  A redback (Lab)
  3 hungry ghosts
  3 hippogriffs
  A soldier ant (D:9)
  9 orc warriors
  3 ice beasts
  3 sky beasts
  A phantom (D:6)
  2 wasps (D:9)
  12 ogres
  12 centaurs
  4 big kobolds (D:11)
  2 elf zombies (D:4)
  2 gnoll sergeants (D:11)
  9 giant frogs
  A wyvern zombie (D:10)
  7 scorpions
  3 wyvern skeletons
  3 killer bees (D:10)
  6 howler monkeys
  3 crimson imps
  5 hounds
  3 jellies
  3 centaur zombies
  A human zombie (D:4)
  A giant frog skeleton (D:11)
  8 orc priests
  2 centaur skeletons (D:11)
  A human skeleton (D:4)
  Natasha (D:2)
  2 iguanas
  16 orc wizards
  4 worker ants
  3 sheep (D:11)
  A hound zombie (D:10)
  2 hound skeletons (D:5)
  12 mummies (Ossuary)
  2 worker ant zombies
  12 gnolls
  4 river rats (D:4)
  13 adders
  4 shadow imps
  An ooze (Sewer)
  An adder zombie (D:5)
  2 adder skeletons
  2 dart slugs
  5 giant geckos
  45 orcs
  7 giant cockroaches
  13 goblins
  11 hobgoblins
  9 jackals
  19 kobolds
  6 quokkas
  5 ball pythons
  4 bats
  A giant gecko skeleton (D:6)
  3 giant newts
  A gnoll skeleton (Ossuary)
  4 kobold skeletons (Ossuary)
  5 orc skeletons
  12 rats
  11 rat skeletons (Ossuary)
369 creatures vanquished.

Vanquished Creatures (others)
  An orc warlord (Bailey)
  A hydra (D:12)
  A slime creature (D:12)
  An unseen horror (D:13)
  2 orc knights (Bailey)
  An ugly thing (D:11)
  A troll (D:11)
  The ghost of Protee the Insei, an amateur OpTm (D:4)
  A wraith (D:10)
  7 orc warriors (Bailey)
  A black bear (D:6)
  An iguana (D:6)
  A mummy (Ossuary)
  3 gnolls (Bailey)
  An adder (D:6)
  11 orcs
  10 goblins (Bailey)
  10 hobgoblins (Bailey)
55 creatures vanquished.

Grand Total: 424 creatures vanquished

Notes
Turn   | Place    | Note
--------------------------------------------------------------
     0 | Abyss:1  | namelastname112 the Draconian Abyssal Knight began the quest for the Orb.
     0 | Abyss:1  | Reached XP level 1. HP: 19/19 MP: 2/2
    34 | Abyss:1  | Noticed an ancient zyme
    56 | Abyss:1  | Noticed an ancient zyme
    57 | Abyss:1  | Noticed a neqoxec
    61 | D:1      | Escaped the Abyss
   652 | D:1      | Reached * piety under Lugonu
   652 | D:1      | Reached XP level 2. HP: 26/26 MP: 3/3
   826 | D:2      | Noticed Sigmund
  1632 | D:2      | Killed Sigmund
  1632 | D:2      | Reached skill level 3 in Invocations
  1632 | D:2      | Vulkandrache: lol
  1632 | D:2      | Reached XP level 3. HP: 33/33 MP: 3/5
  1632 | D:2      | Reached XP level 4. HP: 40/40 MP: 3/6
  1632 | D:2      | Reached XP level 5. HP: 46/46 MP: 3/7
  1633 | D:2      | namelastname112: poor sigmund
  1633 | D:2      | namelastname112: he wasn't ready for this shit
  1633 | D:2      | xeno23: 3 лвла
  1633 | D:2      | namelastname112: Sigmund zaps a wand. _You turn into a living statue of rough stone.
  1736 | D:2      | Noticed Natasha
  1748 | D:2      | Killed Natasha
  1748 | D:2      | Reached skill level 4 in Invocations
  1770 | D:2      | Found a glowing golden altar of the Shining One.
  1770 | D:2      | Found a glowing silver altar of Zin.
  1770 | D:2      | Found a white marble altar of Elyvilon.
  1955 | D:2      | xeno23: лан я спать пошел
  1955 | D:2      | xeno23: бб
  1955 | D:2      | xeno23: завтра буду ад чистить
  1955 | D:2      | xeno23: превозмогать за gree
  1955 | D:2      | namelastname112: спокойных
  2366 | D:3      | Reached XP level 6. HP: 13/52 MP: 9/9
  2786 | D:3      | Reached ** piety under Lugonu
  2832 | D:3      | Found a shattered altar of Ashenzari.
  2979 | D:4      | Found a glowing drain.
  3038 | Sewer    | Entered a sewer
  3052 | Sewer    | WhatIsLove: Hey, do you have a definitive objective this run or is it all just fun?
  3306 | D:4      | namelastname112: qb of disto
  3306 | D:4      | namelastname112: is my goal
  3332 | D:4      | WhatIsLove: Ah, ok. I like that
  3382 | D:4      | Found a sand-covered staircase.
  3404 | D:4      | Reached *** piety under Lugonu
  3404 | D:4      | Reached skill level 5 in Invocations
  3408 | Ossuary  | Entered an ossuary
  3941 | Ossuary  | Your scales start taking on a dull iron-grey colour.
  3941 | Ossuary  | Reached XP level 7. HP: 50/60 MP: 10/10
  3941 | Ossuary  | Gained mutation: You can survive without breathing. [Grey Draconian growth]
  4661 | D:4      | Reached skill level 5 in Fighting
  4882 | D:4      | Noticed Protee's ghost (amateur OpTm)
  4885 | D:4      | Banished Protee's ghost
  4885 | D:4      | Reached skill level 5 in Short Blades
  4885 | D:4      | Reached skill level 1 in Stealth
  4885 | D:4      | Reached skill level 6 in Invocations
  5149 | D:4      | Reached XP level 8. HP: 35/68 MP: 12/12
  5461 | D:4      | Found Paguceusai's Gadget Shop.
  5656 | D:5      | Entered Level 5 of the Dungeon
  5765 | D:5      | Reached **** piety under Lugonu
  5852 | D:5      | Gained mutation: You evolve. [mutagenic meat]
  5853 | D:5      | Gained mutation: You are weak. (Str -2) [mutagenic meat]
  5854 | D:5      | Gained mutation: You have a beak for a mouth. [mutagenic meat]
  5855 | D:5      | Gained mutation: You are dopey. (Int -2) [mutagenic meat]
  5856 | D:5      | Gained mutation: You passively map a small area around you. [mutagenic meat]
  5857 | D:5      | Gained mutation: Your magical capacity is low (-10% MP). [mutagenic meat]
  6187 | D:5      | Reached skill level 7 in Invocations
  6677 | D:5      | Found a staircase to the Ecumenical Temple.
  7234 | D:6      | Noticed Pikel
  7262 | D:6      | Reached XP level 9. HP: 72/75 MP: 13/13
  7285 | D:6      | Killed Pikel
  7285 | D:6      | Reached skill level 8 in Invocations
  7438 | D:6      | Lost mutation: You are weak. (Str -2) [evolution]
  7667 | D:6      | Found a shadowy altar of Dithmenos.
  7820 | D:7      | Reached skill level 5 in Dodging
  8265 | D:7      | Reached ***** piety under Lugonu
  8430 | D:7      | Reached skill level 9 in Invocations
  8656 | D:8      | Found Qirarok's Food Boutique.
  8697 | D:8      | Found an opulent altar of Gozag.
  8858 | D:8      | Reached XP level 10. HP: 82/84 MP: 15/15
  9873 | D:9      | Found a staircase to the Lair.
  9921 | D:9      | Found a sparkling altar of Nemelex Xobeh.
 10034 | D:9      | Found an ancient bone altar of Kikubaaqudgha.
 10042 | D:9      | Found a radiant altar of Vehumet.
 10044 | D:9      | Found a deep blue altar of Sif Muna.
 10055 | D:9      | Identified Kikubaaqudgha's Catalogue of Black Magic
 10207 | D:9      | Found a basalt altar of Yredelemnul.
 10210 | D:9      | Found a blossoming altar of Fedhas.
 10276 | D:10     | Entered Level 10 of the Dungeon
 10515 | D:9      | Reached skill level 5 in Stealth
 10605 | D:9      | Gained mutation: Your spells are a little easier to cast, but a little less powerful. [evolution]
 10718 | D:10     | Found Vuesm's Distillery.
 10724 | D:10     | Bought a potion of berserk rage for 80 gold pieces
 11190 | D:10     | Reached skill level 10 in Invocations
 11407 | D:10     | Lost mutation: Your spells are a little easier to cast, but a little less powerful. [mutagenic meat]
 11408 | D:10     | Gained mutation: You regenerate slowly when monsters are visible. [mutagenic meat]
 11701 | D:10     | Learned a level 3 spell: Regeneration
 11782 | D:11     | Found Roby's Antique Armour Shoppe.
 11797 | D:11     | Found a flagged portal.
 11814 | Bailey   | Entered a bailey
 12166 | Bailey   | Reached ****** piety under Lugonu
 12177 | Bailey   | Noticed an orc knight
 12199 | Bailey   | Corrupted Bailey
 12199 | Bailey   | Noticed a thrashing horror
 12199 | Bailey   | Noticed a purple very ugly thing
 12199 | Bailey   | Noticed a large abomination
 12201 | Bailey   | Noticed a blizzard demon
 12201 | Bailey   | Noticed a guardian serpent
 12202 | Bailey   | Noticed a rust devil
 12203 | Bailey   | Noticed an orc knight
 12206 | Bailey   | Killed an orc warlord
 12207 | Bailey   | Killed an orc knight
 12211 | Bailey   | Killed an orc knight
 12222 | Bailey   | Noticed a sixfirhy
 12224 | Bailey   | Noticed a bone dragon
 12243 | Bailey   | Noticed a large abomination
 12677 | D:11     | Killed an unseen horror
 12918 | D:11     | Noticed a cyan ugly thing
 12930 | D:11     | Banished a cyan ugly thing
 12930 | D:11     | Reached XP level 11. HP: 60/94 MP: 17/17
 13447 | D:11     | Gained mutation: Your spells are a little harder to cast, but a little more powerful. [mutagenic meat]
 13449 | D:11     | Lost mutation: Your magical capacity is low (-10% MP). [mutagenic meat]
 13450 | D:11     | Gained mutation: Your tail ends in a poisonous barb. [mutagenic meat]
 14180 | D:11     | Noticed a hill giant
 14182 | D:11     | Killed a hill giant
 14182 | D:11     | Reached skill level 11 in Invocations
 14192 | D:11     | Found a staircase to the Orcish Mines.
 14321 | D:11     | Reached skill level 10 in Short Blades
 15024 | D:12     | Lost mutation: You are dopey. (Int -2) [potion of mutation]
 15024 | D:12     | Gained mutation: You expend magic power (3 MP) to strengthen your wands. [potion of mutation]
 15024 | D:12     | Lost mutation: You expend magic power (3 MP) to strengthen your wands. [potion of mutation]
 15025 | D:12     | Gained mutation: Scrolls take you a little longer to read. [potion of mutation]
 15025 | D:12     | Gained mutation: You tend to lose your temper in combat. [potion of mutation]
 15026 | D:12     | Gained mutation: You are weak. (Str -2) [potion of mutation]
 15026 | D:12     | Gained mutation: You are resistant to hostile enchantments. [potion of mutation]
 15032 | D:12     | Noticed an eight-headed hydra
 15034 | D:12     | Banished an eight-headed hydra
 15170 | D:12     | Noticed a hill giant
 15207 | D:12     | Killed a hill giant
 15552 | D:12     | Noticed a six-headed hydra
 15557 | D:12     | Killed a six-headed hydra
 15818 | D:13     | Banished an unseen horror
 15827 | D:13     | Noticed a rakshasa
 15841 | D:13     | Found a labyrinth entrance.
 15845 | Lab      | Entered a labyrinth
 16384 | Lab      | Noticed a minotaur
 16420 | Lab      | Hit by a stone thrown by a minotaur

Vault maps used:
D:1:      evilmike_arrival_plus, minmay_misc_feat_columns
D:2:      good_gods_mini_temple, grunt_ministairs_1, uniq_sigmund, uniq_natasha
D:3:      lemuel_doored_altar
D:4:      nicolae_ossuary_entry_catacombs, portal_sewer_entry_e, serial_shops,
          shop, kennysheep_nondescript
D:5:      minmay_opposing_rooms, minmay_temple_entry_nine_rooms, first_bread,
          minmay_door_square, item_on_display_b
D:6:      kennysheep_mini, uniq_pikel
D:8:      nicolae_overflow_crystal_walls, serial_shops, shop
D:9:      grunt_temple_overflow_magic_moments, nicolae_overflow_hidden_temple,
          lair_0_dummy, basic_altar, hangedman_pestilent_swarm
D:10:     serial_shops, shop
D:11:     kennysheep_orc_monster_closet_entryway, serial_shops, shop_fountains,
          enter_bailey_2
D:13:     erik_vaults_2, lab_entry_generic, kennysheep_generic_room_6
Lab:      labyrinth_watery, lab_hedge, nicolae_lab_big_swirl,
          nicolae_lab_t_cross, nicolae_lab_statue, nicolae_lab_arrow
Sewer:    kennysheep_pipe_town
Ossuary:  ossuary_due_small_catacomb
Bailey:   bailey_axe_minmay_hex_keep, bailey

Skill      XL: |  1  2  3  4  5  6  7  8  9 10 11 |
---------------+----------------------------------+-----
Fighting       | 4 5 6 8 |  8.8
Short Blades   | 3 4 5 6 8 9 10 | 10.6
Invocations    | 3 4 5 6 7 9 10 11 | 11.8
Dodging        | 3 4 5 6 7 |  7.1
Stealth        | 1 3 4 5 6 |  6.9

Action                   |  1- 3 |  4- 6 |  7- 9 | 10-12 || total
-------------------------+-------+-------+-------+-------++-------
Melee: Short sword       |    47 |   279 |   801 |    10 ||  1137
       Tailslap          |     2 |    47 |   124 |   142 ||   315
       Unarmed           |     4 |     5 |       |       ||     9
       Peck              |       |       |    85 |   204 ||   289
       Dagger            |       |       |       |   910 ||   910
Invok: Depart the Abyss  |     1 |       |       |       ||     1
       Banish            |       |     1 |     1 |     8 ||    10
       Bend Space        |       |       |       |     3 ||     3
       Corrupt           |       |       |       |     1 ||     1
  Use: Scroll            |     3 |     6 |    14 |    10 ||    33
       Potion            |     1 |     1 |       |     8 ||    10
 Stab: Sleeping          |     2 |       |     8 |    13 ||    23
       Distracted        |     1 |       |       |       ||     1
  Eat: Meat ration       |     1 |       |     1 |     2 ||     4
       Chunk             |       |     2 |    17 |    28 ||    47
       Pizza             |       |     1 |       |     2 ||     3
       Bread ration      |       |     1 |       |       ||     1
Armor: Skin              |    30 |    55 |   164 |   246 ||   495
Dodge: Dodged            |    34 |   142 |   301 |   487 ||   964
